 Dungeon Crawl Stone Soup version 0.29-a0-11-ga75d3d97ab (webtiles) character file.

Game seed: 10736354883701524594

253 Pin the Skirmisher (level 6, -1/56 HPs)
             Began as a Hill Orc Fighter on Jan 29, 2022.
             Slain by a lemure (4 damage)
             ... led by Pikel
             ... on level 4 of the Dungeon.
             The game lasted 00:04:54 (3009 turns).

Pin the Skirmisher (Hill Orc Fighter)               Turns: 3009, Time: 00:04:55

Health: -1/56      AC:  6    Str: 27    XL:     6   Next: 14%
Magic:  0/6        EV:  7    Int:  8    God:
Gold:   112        SH:  4    Dex: 10    Spells: 5/5 levels left

rFire   . . .      SeeInvis .   a - +0 war axe
rCold   . . .      Faith    .   c - +0 buckler
rNeg    . . .      Spirit   +   q - +0 plate armour
rPois   .          Reflect  .   l - +1 helmet
rElec   .          Harm     .   (no cloak)
rCorr   +          Rampage  .   (no gloves)
Will    .....                   (no boots)
Stlth   ..........              e - amulet of guardian spirit
HPRegen 0.18/turn               h - ring of resist corrosion
MPRegen 0.10/turn               b - +6 ring of strength

@: corroded
A: no striking features
a: no special abilities


You were on level 4 of the Dungeon.
You visited 1 branch of the dungeon, and saw 4 of its levels.

You collected 112 gold pieces.

Inventory:

Hand Weapons
 a - a +0 war axe (weapon)
Armour
 c - a +0 buckler (worn)
 l - a +1 helmet (worn)
 q - a +0 plate armour (worn)
Jewellery
 b - a +6 ring of strength (right hand)
 e - an amulet of guardian spirit (around neck)
 h - a ring of resist corrosion (left hand)
 i - a ring of magical power
 s - a ring of see invisible
Wands
 u - a wand of flame (14)
 y - a wand of mindburst (16)
Scrolls
 f - 2 scrolls of noise {unknown}
 g - 2 scrolls of enchant armour {unknown}
 j - 3 scrolls of teleportation {unknown}
 m - a scroll of identify {unknown}
 p - a scroll of silence {unknown}
 r - a scroll of blinking {unknown}
 t - a scroll of holy word {unknown}
 w - 2 scrolls of amnesia {unknown}
 x - a scroll of magic mapping {unknown}
Potions
 d - 2 potions of might
 k - 2 potions of flight {unknown}
 n - 4 potions of curing {unknown}
 o - a potion of mutation {unknown}
 v - a potion of cancellation {unknown}


   Skills:
 + Level 5.1 Fighting
 + Level 4.7 Axes
 + Level 4.6 Armour
 + Level 4.5 Shields


You had 5 spell levels left.
You didn't know any spells.
Your spell library contained the following spells:

 Spells                   Type           Power      Damage    Failure   Level
 Magic Dart               Conj           0%         1d3       100%        1
 Call Imp                 Summ           0%         N/A       100%        2
 Mephitic Cloud           Conj/Pois/Air  0%         N/A       100%        3


Dungeon Overview and Level Annotations

Branches:
Dungeon (4/15)
 Temple: D:4-7

Altars:

Annotations:
D:4 Pikel


Message History

You are too injured to fight recklessly!
You are too injured to fight recklessly!
You are too injured to fight recklessly!
You are too injured to fight recklessly!
You are too injured to fight recklessly!
You are too injured to fight recklessly!
You are too injured to fight recklessly!
You are too injured to fight recklessly!
You are too injured to fight recklessly!
You are too injured to fight recklessly!
You are too injured to fight recklessly!
You are too injured to fight recklessly!
You are too injured to fight recklessly!
You are too injured to fight recklessly!
You are too injured to fight recklessly!
You are too injured to fight recklessly!
You are too injured to fight recklessly!
You are too injured to fight recklessly!
You are too injured to fight recklessly!
You are too injured to fight recklessly!
You are too injured to fight recklessly!
You are too injured to fight recklessly!
You are too injured to fight recklessly!
You are too injured to fight recklessly!
You are too injured to fight recklessly!
You are too injured to fight recklessly!
You are too injured to fight recklessly!
You are too injured to fight recklessly!
You are too injured to fight recklessly!
Pikel hits you with a +1 whip of freezing.
* * * LOW HITPOINT WARNING * * *
Pikel freezes you.
* * * LOW HITPOINT WARNING * * *
Pikel zaps a wand.
The bolt of acid hits you! You resist.
* * * LOW HITPOINT WARNING * * *
The acid corrodes you!
You miss the lemure.
The lemure is severely wounded.
You closely miss Pikel. The lemure hits you.
You die...

#.# #.. #.# ... .. #.#
#.. ##. #.# #.# .. #.#
#.##.#### #.# #.#...>.
#.##### #g#..#
######.....# #5K5.#
.[.....###.#
#@#.#####.# ######.#
#.# #.$.......[ #.#
#.# #..†#####.. #.#
#.# #...######
##.###.# #........r.
..#
#...##.#####....$..###
...
#..............#####
#.# #...##)#######.#
#.# ######<# #.# #.#


You could see Pikel, 2 lemures and a goblin.

Vanquished Creatures
  A necrophage (D:4)
  2 lemures (D:4)
  An iguana (D:4)
  A hound skeleton (D:4)
  Robin (D:4)
  A gnoll (D:1)
  2 adders (D:3)
  3 worms
  A dart slug (D:3)
  7 endoplasms
  2 giant cockroaches
  11 goblins
  9 hobgoblins
  7 jackals (D:4)
  4 quokkas
  7 ball pythons
  8 bats
  3 frilled lizards (D:1)
  3 kobolds
  5 rats
79 creatures vanquished.

Vanquished Creatures (others)
  4 fungi (D:1)
  3 plants (D:1)
7 creatures vanquished.

Grand Total: 86 creatures vanquished

Notes
Turn   | Place    | Note
-------+----------+-------------------------------------------
     0 | D:1      | Pin the Hill Orc Fighter began the quest for the Orb.
     0 | D:1      | Reached XP level 1. HP: 19/19 MP: 1/1
   175 | D:1      | Reached XP level 2. HP: 26/27 MP: 2/2
   272 | D:1      | Found a faded altar of an unknown god.
   326 | D:1      | Reached skill level 4 in Fighting
   402 | D:1      | Reached XP level 3. HP: 33/33 MP: 3/3
  1590 | D:3      | Reached XP level 4. HP: 40/40 MP: 4/4
  2512 | D:4      | Reached XP level 5. HP: 47/47 MP: 5/5
  2622 | D:4      | Noticed a necrophage
  2627 | D:4      | Killed a necrophage
  2745 | D:4      | Noticed Robin
  2756 | D:4      | Killed Robin
  2757 | D:4      | Reached skill level 5 in Fighting
  2764 | D:4      | Reached XP level 6. HP: 41/56 MP: 6/6
  2990 | D:4      | Noticed Pikel
  3009 | D:4      | Slain by a lemure

Illustrated notes

Levels and vault maps discovered:
D:1:      lightli_molten_gateway, layout_basic, dreamdust_ecumenical_altar_grove
D:2:      layout_loops_cross, minmay_tetromino_i2
D:3:      layout_basic, minmay_misc_feat_tiny
D:4:      layout_loops_ring, uniq_robin, uniq_pikel, uniq_crazy_yiuf_cottage

Skill      XL: |  1  2  3  4  5 |
---------------+----------------+-----
Axes           | 3 4 |  4.7
Fighting       | 4 5 |  5.1
Armour         | 4 |  4.6
Shields        | 4 |  4.5

Action                   |  1- 3 |  4- 6 || total
-------------------------+-------+-------++-------
Melee: War axe           |   122 |    98 ||   220
Armor: Scale mail        |    40 |       ||    40
       Plate armour      |    27 |    86 ||   113
Dodge: Dodged            |    58 |    24 ||    82
Block: Buckler           |    33 |    27 ||    60

Table legend: (Time is in decaauts)
 A = Elapsed time spent in this place.
 B = Non-inter-level travel time spent in this place.
 C = Inter-level travel time spent in this place.
 D = Time resting spent in this place.
 E = Time spent auto-exploring this place.
 F = Levels seen in this place.
 G = Mean time per level.
                   A        B        C        D        E       F      G
               +--------+--------+--------+--------+--------+-----+--------+
         Total |   3084 |   2989 |     95 |      0 |   2414 |   4 |  771.0 |
       Dungeon |   3084 |   2989 |     95 |      0 |   2414 |   4 |  771.0 |
               +--------+--------+--------+--------+--------+-----+--------+

Top non-repeatable levels by time:
     D:1: 884 daAuts
     D:3: 809 daAuts
     D:4: 739 daAuts
     D:2: 651 daAuts
